 Dungeon Crawl Stone Soup version 0.30.1-9-gdf580d7c3d (webtiles) character file.

Game seed: 1966838614473469574

20458 Wiggles the Severer (level 12, -3/110 HPs)
             Began as a Minotaur Berserker on Oct 11, 2023.
             Was a High Priest of Trog.
             Slain by a boulder beetle (10 damage)
             ... on level 10 of the Dungeon.
             The game lasted 00:17:24 (11131 turns).

Wiggles the Severer (Minotaur Berserker)           Turns: 11131, Time: 00:17:25

Health: -3/110     AC: 19    Str: 31    XL:     12   Next: 45%
Magic:  11/11      EV: 10    Int:  4    God:    Trog [*****.]
Gold:   1128       SH:  8    Dex: 17    Spells: 11/11 levels left

rFire   . . .        w - +0 war axe (chaos)
rCold   x . .        o - +2 buckler
rNeg    . . .        c - +0 plate armour
rPois   .            (helmet restricted)
rElec   .            j - +0 cloak
rCorr   .            (no gloves)
SInv    .            p - +0 pair of boots of Xutsuoc {rC- Str+5}
Will    .....        (no amulet) Stlth
                     A - +6 ring of dexterity
HPRegen 0.38/turn    (no ring)
MPRegen 0.12/turn

%: no passive effects
@: no status effects
A: horns 2, retaliatory headbutt
a: Renounce Religion, Berserk, Trog's Hand, Brothers in Arms


You were on level 10 of the Dungeon.
You worshipped Trog.
Trog was extremely pleased with you.
You visited 1 branch of the dungeon, and saw 13 of its levels.

You collected 1128 gold pieces.

Inventory:

Hand Weapons
 w - a +0 war axe of chaos (weapon)
 D - a +3 battleaxe of electrocution
Missiles
 e - 2 throwing nets (quivered)
Armour
 c - a +0 plate armour (worn)
 j - a +0 cloak (worn)
 o - a +2 buckler (worn)
 p - the +0 pair of boots of Xutsuoc (worn) {rC- Str+5}
   (You found it on level 4 of the Dungeon)

   Str:       It affects your strength (+5).
   rC:        It makes you vulnerable to cold.
Jewellery
 u - a ring of ice
 v - an amulet of magic regeneration
 A - a +6 ring of dexterity (left hand)
Wands
 x - a wand of acid (7)
 y - a wand of charming (7)
 B - a wand of flame (20)
Scrolls
 d - 2 scrolls of fog
 g - 3 scrolls of fear
 k - 2 scrolls of butterflies
 l - 4 scrolls of teleportation
 r - a scroll of blinking
 s - 3 scrolls of amnesia
Potions
 a - 2 potions of resistance
 b - a potion of berserk rage
 f - 10 potions of curing
 h - a potion of attraction {unknown}
 i - 3 potions of haste
 m - 4 potions of brilliance
 q - 2 potions of heal wounds
 t - 2 potions of flight
 z - 2 potions of magic
 C - a potion of might {unknown}


   Skills:
 + Level 11.0 Fighting
 + Level 16.2 Axes
 + Level 13.3 Armour
 + Level 4.8 Dodging
 + Level 2.1 Stealth
 + Level 7.4 Shields
 + Level 0.4 Evocations


You had 11 spell levels left.
You didn't know any spells.
Your spell library was empty.

Dungeon Overview and Level Annotations

Branches:
Dungeon (13/15)            Temple (0/1) D:7            Lair (0/5) D:11
    Orc (0/2) D:12
 Vaults: D:13-14

Altars:
Cheibriados
Gozag
Makhleb
Ru
Sif Muna
Yredelemnul
The Shining One


Innate Abilities, Weirdness & Mutations

You have a pair of horns on your head.
You reflexively headbutt those who attack you in melee.


Message History

You slash the boulder beetle!
The boulder beetle goes berserk!
The boulder beetle is lightly wounded.
The boulder beetle bites you!
You hit the boulder beetle but do no damage.
You drain the boulder beetle.
The boulder beetle is lightly wounded.
The boulder beetle bites you!
You slash the boulder beetle! You burn the boulder beetle.
The boulder beetle is moderately wounded.
The boulder beetle bites you!
You slash the boulder beetle!
You feel better.
The boulder beetle is moderately wounded.
You block the boulder beetle's attack.
You slash the boulder beetle!
The boulder beetle easily resists.
The boulder beetle is moderately wounded.
The boulder beetle bites you!
You slash the boulder beetle!
You headbutt the boulder beetle, but do no damage.
The boulder beetle is heavily wounded.
The boulder beetle barely misses you. You furiously retaliate!
You headbutt the boulder beetle. You hit the boulder beetle.
The boulder beetle resists with almost no effort.
You headbutt the boulder beetle!
The boulder beetle is heavily wounded.
The boulder beetle bites you but does no damage.
You hit the boulder beetle.
The boulder beetle is severely wounded.
The boulder beetle barely misses you.
You slash the boulder beetle! You headbutt the boulder beetle.
The boulder beetle is severely wounded.
The boulder beetle bites you!!
* * * LOW HITPOINT WARNING * * *
The boulder beetle bites you!
* * * LOW HITPOINT WARNING * * *
You slash the boulder beetle!
You headbutt the boulder beetle, but do no damage.
The boulder beetle is severely wounded.
The boulder beetle bites you!
You die...

#.###.# ##...##.######.## #.#
#.# ######.#####..# #####.###.#
#.##.....##
.......##.##########.##......##
#####..##.#...................##
#................#.........#
#.###....#######.##.......## #.#
###..#######.##......##
#.####.#..[B@)......#)))##
#.....###.######.#####)##
######.#.## #.# #.# #### ##.##
#.# #.###... ### #.# #>#.....
#.# #.#.###. #.# #...# #. #.#
###.###. #.# #.....


You could see a boulder beetle (berserk, drained).

Vanquished Creatures
  A vampire knight (D:10)
  An ogre mage (D:10)
  A boulder beetle (D:10)
  3 two-headed ogres
  Lodul (D:10)
  An ugly thing (D:10)
  A cyclops (D:11)
  A manticore (D:10)
  A guardian serpent (shapeshifter) (D:11)
  A cane toad (shapeshifter) (D:11)
  A kobold demonologist (D:10)
  A tengu conjurer (D:11)
  5 trolls (D:10)
  A hornet (D:10)
  6 slime creatures
  3 wraiths (D:10)
  2 wyverns
  10 yaks
  A basilisk (D:11)
  2 steam dragons (D:9)
  An acid dragon (D:10)
  A water moccasin (D:7)
  3 ice beasts
  4 orc warriors
  A black bear (shapeshifter) (D:10)
  4 black bears
  8 ogres
  2 wolves
  4 centaurs
  3 kobold brigands
  Blork the orc (D:4)
  A gnoll sergeant (D:6)
  4 scorpions
  3 bullfrogs
  8 wights
  14 killer bees
  8 howler monkeys
  6 hounds
  A jelly (D:5)
  7 orc priests
  A gnoll bouda (D:5)
  4 iguanas
  11 orc wizards
  11 gnolls
  6 adders
  2 shadow imps
  2 white imps
  3 ufetubi
  2 worms
  2 dart slugs (D:4)
  30 orcs
  5 bats
  4 endoplasms
  A giant cockroach (D:2)
  12 goblins
  8 hobgoblins
  4 jackals (D:1)
  23 kobolds
  3 quokkas
  12 ball pythons
  6 frilled lizards
  7 rats
287 creatures vanquished.

Vanquished Creatures (collateral kills)
  Josephine (D:10)
  A hydra (D:11)
  3 oklob plants (D:8)
  4 wraiths (D:10)
  Grum (D:10)
  A floating eye (D:8)
  An orc warrior (D:10)
  A wolf (D:10)
  3 killer bees (D:10)
  3 orc wizards (D:10)
  2 orcs (D:10)
21 creatures vanquished.

Vanquished Creatures (others)
  A kobold (D:11)
1 creature vanquished.

Grand Total: 309 creatures vanquished

Notes
Turn   | Place    | Note
-------+----------+-------------------------------------------
     0 | D:1      | Wiggles the Minotaur Berserker began the quest for the Orb.
     0 | D:1      | Reached XP level 1. HP: 19/19 MP: 0/0
   105 | D:1      | Found a faded altar of an unknown god.
   152 | D:1      | Reached XP level 2. HP: 25/27 MP: 1/1
   163 | D:1      | Reached skill level 4 in Axes
   289 | D:1      | Reached XP level 3. HP: 21/33 MP: 2/2
   760 | D:2      | Reached ** piety under Trog
  1218 | D:2      | Reached XP level 4. HP: 41/41 MP: 3/3
  1779 | D:3      | Reached skill level 5 in Axes
  2116 | D:4      | Noticed a black bear
  2126 | D:4      | Killed a black bear
  2127 | D:4      | Reached XP level 5. HP: 47/47 MP: 4/4
  2134 | D:4      | Identified the +0 pair of boots of Xutsuoc {rC- Str+5}
  2156 | D:4      | Noticed Blork the orc
  2162 | D:4      | Killed Blork the orc
  2163 | D:4      | Reached skill level 6 in Axes
  2163 | D:4      | Reached XP level 6. HP: 49/55 MP: 5/5
  2376 | D:4      | Reached *** piety under Trog
  2484 | D:4      | Reached skill level 5 in Fighting
  2583 | D:4      | Found a basalt altar of Yredelemnul.
  2585 | D:4      | Found a burning altar of Makhleb.
  2587 | D:4      | Found a snail-covered altar of Cheibriados.
  2797 | D:5      | Entered Level 5 of the Dungeon
  3000 | D:5      | Reached skill level 5 in Armour
  3009 | D:5      | Reached XP level 7. HP: 27/61 MP: 6/6
  3142 | D:5      | Reached skill level 7 in Axes
  3142 | D:5      | Reached skill level 1 in Shields
  4330 | D:6      | Reached XP level 8. HP: 70/70 MP: 7/7
  4332 | D:6      | Reached skill level 8 in Axes
  4482 | D:6      | Reached skill level 1 in Stealth
  4593 | D:6      | Reached skill level 9 in Axes
  4645 | D:6      | Reached **** piety under Trog
  5130 | D:7      | Reached skill level 10 in Axes
  5130 | D:7      | Reached XP level 9. HP: 67/78 MP: 8/8
  5649 | D:7      | Found an opulent altar of Gozag.
  5652 | D:7      | Reached skill level 11 in Axes
  5693 | D:7      | Found a staircase to the Ecumenical Temple.
  6042 | D:8      | Identified the +4 spear "Kedig" {freeze, rF+ rN+}
  6084 | D:8      | Found a shimmering blue altar of Sif Muna.
  6099 | D:8      | Noticed an oklob plant
  6140 | D:8      | Noticed an oklob plant
  6141 | D:8      | Paralysed by a floating eye for 3 turns
  6404 | D:8      | Noticed an oklob plant
  6565 | D:8      | Paralysed by a floating eye for 2 turns
  6567 | D:8      | Killed an oklob plant
  6576 | D:8      | Killed an oklob plant
  6577 | D:8      | Reached skill level 12 in Axes
  6577 | D:8      | Reached XP level 10. HP: 56/88 MP: 9/9
  6584 | D:8      | Killed an oklob plant
  6866 | D:9      | Found a glowing golden altar of the Shining One.
  6922 | D:9      | Reached skill level 10 in Armour
  7437 | D:9      | Reached skill level 13 in Axes
  7637 | D:10     | Entered Level 10 of the Dungeon
  7656 | D:10     | Noticed Lodul
  7663 | D:10     | Reached skill level 5 in Shields
  7668 | D:10     | Killed Lodul
  7675 | D:10     | Reached ***** piety under Trog
  7755 | D:10     | You fall into a shaft and drop 3 floors!
  7812 | D:12     | Reached XP level 11. HP: 88/97 MP: 10/10
  7826 | D:12     | Reached skill level 14 in Axes
  8221 | D:12     | Found a staircase to the Orcish Mines.
  8408 | D:10     | Noticed Josephine
  8415 | D:10     | Killed Josephine
  8416 | D:10     | Noticed Grum
  8419 | D:10     | Killed Grum
  8703 | D:10     | Found a sacrificial altar of Ru.
  8711 | D:10     | Reached skill level 15 in Axes
  9662 | D:11     | Reached skill level 10 in Fighting
  9697 | D:11     | Noticed a two-headed ogre
  9704 | D:11     | Killed a two-headed ogre
  9712 | D:11     | Noticed a four-headed hydra
  9713 | D:11     | Noticed a vampire knight
  9719 | D:11     | Found a staircase to the Lair.
  9723 | D:11     | Killed a six-headed hydra
  9723 | D:11     | Noticed a two-headed ogre
  9723 | D:11     | Noticed a boulder beetle
  9951 | D:10     | Killed a two-headed ogre
  9961 | D:10     | Killed a boulder beetle
  9962 | D:10     | Reached XP level 12. HP: 49/106 MP: 11/11
 10150 | D:11     | Noticed an ogre mage
 10335 | D:10     | Killed a vampire knight
 10456 | D:11     | Noticed a two-headed ogre
 10538 | D:10     | Killed a two-headed ogre
 10719 | D:10     | Reached skill level 16 in Axes
 10920 | D:10     | Killed an ogre mage
 11043 | D:11     | Noticed a boulder beetle
 11131 | D:10     | Slain by a boulder beetle

Illustrated notes

Levels and vault maps discovered:
D:1:      minmay_arrival_up_and_down, layout_basic,
          ebering_ecumenical_altar_webs
D:2:      cheibrodos_greedy_goblins, layout_basic, amcnicky_mini_pool_small
D:3:      layout_rooms
D:4:      layout_cave_pools, grunt_temple_overflow_diamond, uniq_blork_the_orc
D:5:      layout_layer_cave, chequers_big_river, minmay_between
D:6:      layout_gridville
D:7:      layout_cave_pools, mainiacjoe_overflow_24_doors,
          minmay_temple_entry_fiery, corexii_hall_statues_t, hex_tiny,
          grunt_ministairs_3
D:8:      layout_rooms, mainiacjoe_overflow_concentric_impassable,
          disabler_island
D:9:      layout_loops_ring, mainiacjoe_overflow_tiny_flanked,
          kennysheep_pointless_box
D:10:     layout_loops_ring, nicolae_ru_sacrificial_ziggurat,
          onia_ninara_dug_in_and_dangerous, uniq_josephine, uniq_grum,
          uniq_lodul
D:11:     minmay_diamond_stairs, layout_basic, lair_entry_dummy,
          nicolae_rejected_hall
D:12:     layout_irregular_city, erik_orc_3
D:13:     layout_roguey, erik_vaults_1, nemelex_lonely_heart_becter,
          uniq_rupert, uniq_azrael

Skill      XL: |  1  2  3  4  5  6  7  8  9 10 11 12 |
---------------+-------------------------------------+-----
Fighting       | 4 5 6 7 9 10 11 | 11.0
Axes           | 4 5 6 7 10 12 13 15 16 | 16.2
Armour         | 3 4 5 6 7 9 10 12 13 | 13.3
Dodging        | 3 4 |  4.8
Shields        | 1 3 4 5 6 7 |  7.4
Stealth        | 1 2 |  2.1
Evocations     | |  0.4

Action                     |  1- 3 |  4- 6 |  7- 9 | 10-12 || total
---------------------------+-------+-------+-------+-------++-------
  Melee: Hand axe          |    81 |   106 |    63 |       ||   250
         Headbutt          |     9 |    15 |    37 |    70 ||   131
         Punch             |     1 |       |       |       ||     1
         War axe           |       |       |   160 |   303 ||   463
 Invoke: Berserk           |     2 |     2 |     2 |     5 ||    11
         Brothers in Arms  |       |       |     1 |     2 ||     3
  Evoke: Wand              |       |       |       |     2 ||     2
    Use: Scroll            |       |       |    14 |     5 ||    19
   Stab: Distracted        |       |       |       |     1 ||     1
         Paralysed         |       |       |       |     1 ||     1
 Armour: Animal skin       |     6 |       |       |       ||     6
         Ring mail         |    10 |       |       |       ||    10
         Chain mail        |    18 |    53 |    96 |    19 ||   186
         Plate armour      |       |       |       |   154 ||   154
  Dodge: Dodged            |    61 |    53 |   104 |   128 ||   346
  Block: Buckler           |       |    11 |    59 |   152 ||   222
